 Dungeon Crawl Stone Soup version 0.27-a0-394-g49c82dfaf2 (webtiles) character file.

Game seed: 18374419136981436561

952 greenwhat the Slasher (level 7, -2/62 HPs)
             Began as a Minotaur Abyssal Knight on Feb 21, 2021.
             Was an Elder of Lugonu.
             Slain by an ice beast (3 damage)
             ... on level 5 of the Dungeon.
             The game lasted 00:34:09 (4284 turns).

greenwhat the Slasher (Minotaur Abyssal Knight)     Turns: 4284, Time: 00:34:13

Health: -2/62      AC: 12    Str: 17    XL:     7   Next: 90%
Magic:  7/7        EV:  8    Int:  9    God:    Lugonu [****..]
Gold:   167        SH:  0    Dex: 11    Spells: 4/6 levels left

rFire    x . .     SeeInvis .   a - +2 falchion
rCold    + . .     Faith    .   (no shield)
rNeg     . . .     Spirit   .   x - +0 chain mail
rPois    .         Reflect  .   (helmet unavailable)
rElec    .         Harm     .   (no cloak)
rCorr    .         Rampage  .   (no gloves)
Will     ++...     Rnd*Rage +   l - +0 pair of boots
Stlth    ..........             (no amulet)
HPRegen  0.20/turn              e - ring of willpower
MPRegen  0.10/turn              L - ring of ice

@: no status effects
A: retaliatory headbutt, horns 3, rugged brown scales 1, berserk 1,
strong-willed 1
a: Renounce Religion, Depart the Abyss, Bend Space, Banish, Corrupt


You were on level 5 of the Dungeon.
You worshipped Lugonu.
Lugonu was greatly pleased with you.
You visited 1 branch of the dungeon, and saw 6 of its levels.
You visited the Abyss 1 time.

You collected 167 gold pieces.

Inventory:

Hand Weapons
 a - a +2 falchion (weapon)
 c - a +0 hunting sling
 g - a +0 mace
 h - a +0 whip
 k - a +0 club
 m - a +0 hand axe
 n - a +0 whip
 r - a +0 dagger of freezing
 v - a +0 dagger
 y - a +0 morningstar
 z - a +0 war axe
 D - a +0 mace
 F - a +0 quarterstaff
 H - a +2 whip of venom
 I - a +0 short sword
 O - a +0 arbalest
 P - a +0 scythe
 Q - a +0 flail of holy wrath
 R - a +0 shortbow
Missiles
 d - 50 bolts
 o - 111 stones
 p - 51 arrows
 B - 12 poisoned darts
 N - 6 boomerangs
Armour
 b - a +0 leather armour
 f - a +0 robe
 j - a +0 leather armour
 l - a +0 pair of boots (worn)
 s - a +0 robe
 t - a +0 ring mail
 w - a +0 robe
 x - a +0 chain mail (worn)
 K - a +2 helmet
 M - a +0 scale mail
 T - a +2 leather armour of willpower
Jewellery
 e - a ring of willpower (left hand)
 L - a ring of ice (right hand)
Wands
 J - a wand of digging (5)
 S - a wand of iceblast (8)
Scrolls
 i - a scroll of amnesia {unknown}
 A - a scroll of identify
 C - a scroll of enchant armour
Potions
 q - a potion of berserk rage
 u - 2 potions of flight
 E - a potion of heal wounds {unknown}


   Skills:
 + Level 5.4 Fighting
 + Level 7.8 Long Blades
 + Level 0.3 Throwing
 + Level 5.3 Armour
 + Level 2.4 Dodging
 + Level 1.4 Stealth
 + Level 1.0 Hexes
 + Level 2.2 Invocations


You had 4 spell levels left.
You knew the following spells:

 Your Spells              Type           Power        Failure   Level
a - Corona                Hex            1%           98%         1
b - Animate Skeleton      Necr           0%           99%         1

Your spell library contained the following spells:

 Spells                   Type           Power        Failure   Level
 Apportation              Tloc           0%           99%         1
 Summon Small Mammal      Summ           0%           99%         1


Dungeon Overview and Level Annotations

Branches:
Dungeon (6/15)
 Temple: D:4-7

Altars:
Nemelex Xobeh
Uskayaw
Zin

Annotations:
D:5 Grinder, Pikel


Innate Abilities, Weirdness & Mutations

You reflexively headbutt those who attack you in melee.
You have a pair of large horns on your head.
You are partially covered in rugged brown scales. (AC +1, +3% HP)
You tend to lose your temper in combat.
You are strong-willed. (Will+)


Message History

Blork the orc is moderately wounded.
Blork the orc hits you with a +0 trident.
* * * LOW HITPOINT WARNING * * *
You barely miss Blork the orc.
You headbutt Blork the orc, but do no damage.
Blork the orc is moderately wounded.
Blork the orc screams, "I'll drink your blood!
Soon!"
Blork the orc barely misses you.
An ice beast comes into view.
Blork the orc barely misses you.
Blork the orc hits you but does no damage.
Blork the orc hits you with a +0 trident!
* * * LOW HITPOINT WARNING * * *
You slash Blork the orc!
Blork the orc is severely wounded.
Blork the orc barely misses you. You furiously retaliate!
You headbutt Blork the orc!
You kill Blork the orc!
Lugonu accepts your kill.
Your Hexes skill increases to level 1!
There is a stone staircase leading up here.
The ice beast hits you.
* * * LOW HITPOINT WARNING * * *
The ice beast freezes you. You resist.
* * * LOW HITPOINT WARNING * * *
You climb upwards.
Level annotation: Grinder, Pikel Pikel hits you with a +2 whip of flaming.
* * * LOW HITPOINT WARNING * * *
Pikel burns you.
* * * LOW HITPOINT WARNING * * *
The orc priest miscasts a cantrip.
Pikel hits you but does no damage.
There is a stone staircase leading down here.
Press: ? - help, Shift-Dir - straight line, f - Pikel
Aim: Pikel, wielding a +2 whip of flaming and wearing a +0 robe (almost dead, chance to affect: 81%)
You fail to use your ability.
The ice beast hits you.
* * * LOW HITPOINT WARNING * * *
The ice beast freezes you. You resist.
You die...

#.....### #.....#
###.### #.# #.#
###.### #.....#
##########.....###
#@K5.o5...........
#Y#######..)...###
#o# #..)...#


.oo ......##)#.# #... ########.#.# ..#.. #.#.. #.. .# ..#### #.# ## #### You
could see Pikel, Grinder, an ice beast, a lemure, an orc priest, 2 orc wizards
and an orc.

Vanquished Creatures
  Sigmund (D:4)
  A lemure (D:5)
  Blork the orc (D:6)
  A water moccasin skeleton (D:4)
  A scorpion (D:4)
  A bullfrog zombie (D:4)
  3 bullfrog skeletons (D:4)
  An orc priest (D:3)
  Ijyb (D:5)
  An iguana (D:4)
  3 orc wizards
  4 worker ants (D:4)
  3 gnolls (D:4)
  7 adders
  2 oozes (D:1)
  An adder zombie (D:4)
  3 worms
  A dart slug (D:1)
  5 leopard geckos
  18 orcs
  8 giant cockroaches
  7 goblins
  17 hobgoblins
  4 jackals (D:1)
  3 kobolds
  2 quokkas
  3 ball pythons
  12 bats
  4 frilled lizards
  A leopard gecko skeleton (D:3)
  9 rats
129 creatures vanquished.

Vanquished Creatures (others)
  7 withered plants (D:4)
7 creatures vanquished.

Grand Total: 136 creatures vanquished

Notes
Turn   | Place    | Note
-------+----------+-------------------------------------------
     0 | Abyss:1  | greenwhat the Minotaur Abyssal Knight began the quest for
                  | the Orb.
     0 | Abyss:1  | Reached XP level 1. HP: 19/19 MP: 1/1
     8 | D:1      | Escaped the Abyss
   107 | D:1      | Reached * piety under Lugonu
   108 | D:1      | Reached XP level 2. HP: 27/27 MP: 2/2
   385 | D:1      | Reached skill level 3 in Long Blades
   385 | D:1      | Reached XP level 3. HP: 30/33 MP: 3/3
   736 | D:1      | Reached ** piety under Lugonu
   935 | D:1      | Found a sparkling altar of Nemelex Xobeh.
  1067 | D:2      | Reached XP level 4. HP: 16/41 MP: 4/4
  1492 | D:2      | Found a hide-covered altar of Uskayaw.
  1913 | D:2      | Learned a level 1 spell: Corona
  1915 | D:2      | Learned a level 1 spell: Animate Skeleton
  2246 | D:3      | Reached skill level 4 in Long Blades
  2326 | D:3      | Reached XP level 5. HP: 43/47 MP: 3/5
  2370 | D:3      | Reached skill level 1 in Stealth
  2582 | D:3      | Found a glowing silver altar of Zin.
  2754 | D:3      | Reached *** piety under Lugonu
  3275 | D:4      | Reached skill level 5 in Long Blades
  3297 | D:4      | Reached XP level 6. HP: 40/55 MP: 6/6
  3382 | D:4      | Reached skill level 5 in Fighting
  3402 | D:4      | Reached skill level 6 in Long Blades
  3612 | D:4      | Reached XP level 7. HP: 48/61 MP: 7/7
  3669 | D:4      | Noticed Sigmund
  3686 | D:4      | Killed Sigmund
  3687 | D:4      | Reached skill level 7 in Long Blades
  3687 | D:4      | Reached skill level 5 in Armour
  3726 | D:4      | Gained mutation: You are partially covered in rugged brown
                  | scales. (AC +1, +3% HP) [potion of mutation]
  3726 | D:4      | Gained mutation: You are strong-willed. (Will+) [potion of
                  | mutation]
  3726 | D:4      | Gained mutation: You tend to lose your temper in combat.
                  | [potion of mutation]
  3726 | D:4      | Gained mutation: You have a pair of large horns on your
                  | head. [potion of mutation]
  4094 | D:5      | Entered Level 5 of the Dungeon
  4168 | D:5      | Noticed Ijyb
  4193 | D:5      | Killed Ijyb
  4217 | D:5      | Reached **** piety under Lugonu
  4217 | D:5      | Noticed Pikel
  4226 | D:5      | Noticed Grinder
  4254 | D:6      | Noticed Blork the orc
  4276 | D:6      | Killed Blork the orc
  4277 | D:6      | Reached skill level 1 in Hexes
  4283 | D:5      | HP: 3/62 [Pikel/+2 whip of flaming (2)]
  4284 | D:5      | HP: 1/62 [ice beast (1)]
  4284 | D:5      | Slain by an ice beast

Illustrated notes

Levels and vault maps discovered:
D:1:      dpeg_arrival_tiny_a, layout_loops_ring, nemelex_diamond_rough_becter
D:2:      layout_basic, lemuel_doored_altar
D:3:      layout_loops_ring, overflow_temple_1_default
D:4:      layout_loops_ring, serial_undead, serial_undead_e, serial_undead_e,
          serial_undead_b, serial_undead_e, minivault_24,
          chequers_decorated_corner, uniq_sigmund
D:5:      layout_loops_ring, marbit_many_paths,
          minmay_guarded_unrand_staff_of_olgreb, uniq_grinder, uniq_pikel,
          uniq_ijyb
D:6:      kennysheep_slugbush, layout_loops_ring, grunt_gozag_breadcrumbs,
          tso_metal_star, portal_sewer_entry_f, basic_altar, uniq_blork_the_orc

Skill      XL: |  1  2  3  4  5  6  7 |
---------------+----------------------+-----
Invocations    | 2 |  2.2
Fighting       | 4 5 |  5.4
Long Blades    | 3 4 5 6 7 |  7.8
Dodging        | 2 |  2.4
Armour         | 3 4 5 |  5.3
Stealth        | 1 |  1.4
Hexes          | 1 |  1.0
Throwing       | |  0.3

Action                   |  1- 3 |  4- 6 |  7- 9 || total
-------------------------+-------+-------+-------++-------
Melee: Falchion          |    74 |   187 |    89 ||   350
       Headbutt          |    16 |    28 |    12 ||    56
Throw: Stone             |       |     1 |       ||     1
       Dart              |       |     2 |       ||     2
       Throwing net      |       |     1 |     2 ||     3
Invok: Depart the Abyss  |     1 |       |       ||     1
       Bend Space        |       |     1 |     1 ||     2
  Use: Scroll            |     2 |     1 |     3 ||     6
       Potion            |     2 |     3 |     2 ||     7
Armor: Leather armour    |    34 |     5 |       ||    39
       Ring mail         |       |    14 |       ||    14
       Chain mail        |       |    89 |    63 ||   152
Dodge: Dodged            |    63 |   103 |    38 ||   204
       Rpst.: Falchion   |    17 |    28 |     6 ||    51

Table legend: (Time is in decaauts)
 A = Elapsed time spent in this place.
 B = Non-inter-level travel time spent in this place.
 C = Inter-level travel time spent in this place.
 D = Time resting spent in this place.
 E = Time spent auto-exploring this place.
 F = Levels seen in this place.
 G = Mean time per level.
                   A        B        C        D        E       F      G
               +--------+--------+--------+--------+--------+-----+--------+
         Total |   4313 |   4307 |      6 |      0 |     30 |   7 |  616.1 |
       Dungeon |   4305 |   4299 |      6 |      0 |     30 |   6 |  717.5 |
         Abyss |      8 |      8 |      0 |      0 |      0 |   1 |    8.0 |
               +--------+--------+--------+--------+--------+-----+--------+

Top non-repeatable levels by time:
     D:2: 1210 daAuts
     D:1: 1048 daAuts
     D:3: 1036 daAuts
     D:4: 823 daAuts
     D:5: 157 daAuts
     D:6: 28 daAuts
 Abyss:1: 8 daAuts
